 Dungeon Crawl Stone Soup version 0.23.2-40-g277498a001 (webtiles) character file.

Game seed: 2951145882716500823

462 Glamhuggeren the Slasher (level 6, -2/48 HPs)
             Began as a Demonspawn Fighter on Oct 10, 2019.
             Slain by an orc
             ... wielding a +0 flail
              (3 damage)
             ... on level 4 of the Dungeon.
             The game lasted 00:12:28 (3824 turns).

Glamhuggeren the Slasher (Demonspawn Fighter)       Turns: 3824, Time: 00:12:29

Health: -2/48      AC:  5    Str: 24    XL:     6   Next: 79%
Magic:  0/6        EV:  8    Int:  9    God:
Gold:   383        SH:  9    Dex: 12    Spells: 5/5 levels left

rFire    . . .     SeeInvis .   a - +1 long sword
rCold    + . .     Gourm    .   c - +0 shield
rNeg     + . .     Faith    .   r - +0 ring mail
rPois    .         Spirit   +   (no helmet)
rElec    .         Reflect  .   (no cloak)
rCorr    .         Harm     .   (no gloves)
MR       .....                  (no boots)
Stlth    +++.......             (no amulet)
HPRegen  0.16/turn              u - ring of protection from cold
MPRegen  0.10/turn              s - ring of positive energy

@: mighty, lethally poisoned (-2 -> -37)
A: nightstalker 2, magic shield
a: no special abilities


You were on level 4 of the Dungeon.
You were not hungry.

You visited 1 branch of the dungeon, and saw 4 of its levels.
You also visited: Ossuary.

You collected 383 gold pieces.

Inventory:

Hand Weapons
 a - a +1 long sword (weapon)
 t - a +0 hunting sling
Missiles
 h - 22 sling bullets
 k - 125 stones (quivered)
 o - 40 poisoned needles
Armour
 b - a +0 scale mail
 c - a +0 shield (worn)
 r - a +0 ring mail (worn)
Jewellery
 p - an uncursed ring of resist corrosion
 s - a ring of positive energy (right hand)
 u - a ring of protection from cold (left hand)
Scrolls
 e - 2 scrolls of remove curse
 g - 4 scrolls of identify
 l - a scroll of noise
 x - a scroll of fog {unknown}
Potions
 d - 2 potions of brilliance {unknown}
 i - 2 potions of haste {unknown}
 j - a potion of ambrosia {unknown}
 m - 2 potions of heal wounds {unknown}
 n - a potion of degeneration {unknown}
 q - 2 potions of cancellation
 v - 2 potions of lignification {unknown}
 w - a potion of curing
Comestibles
 f - 2 rations


   Skills:
 - Level 4.0 Fighting
 * Level 5.3 Long Blades
 - Level 4.0 Armour
 - Level 3.0 Shields


You had 5 spell levels left.
You didn't know any spells.
Your spell library was empty.

Dungeon Overview and Level Annotations

Branches:
Dungeon (4/15)
 Temple: D:4-7

Altars:
Kikubaaqudgha
Trog

Shops:
D:4 =

Annotations:
D:4 Edmund


Innate Abilities, Weirdness & Mutations

You are significantly more attuned to the shadows.
When hurt, damage is shared between your health and your magic reserves.


Message History

You hit Edmund but do no damage.
You feel very sick. You block Edmund's attack.
The orc hits you but does no damage. The orc barely misses you.
You riposte.
You slash the orc!
You kill the orc!
You barely miss Edmund.
You feel sick.
Edmund hits you with a +1 dire flail of venom!
You are more poisoned.
The orc hits you with a +0 mace.
* * * LOW HITPOINT WARNING * * *
The orc hits you with a +0 flail!
* * * LOW HITPOINT WARNING * * *
You slice Edmund!!
Edmund is heavily wounded.
* * * LOW HITPOINT WARNING * * *
You feel very sick.
Edmund hits you with a +1 dire flail of venom.
* * * LOW HITPOINT WARNING * * *
You block the orc's attack. The orc hits you with a +0 flail.
You die...

..#..##.......#
..............# ...
...##....#.######....
........>..# #........
.#....#####........ #......+
###.......#........ #......#.
##.##..###+#(......###.......
#...##...∩.....o...##......#
##.#'.........@@...##......#
###...........o........<..#
#..#......####.##....#.#o#
............. ...... #.# ..
....##........ .... ..# ..
.### ......... ... ..# . .#.#


You could see Edmund and 2 orcs.

Vanquished Creatures
  The ghost of sydd the Grasshopper, an amateur GnWr (D:3)
  A howler monkey (D:4)
  A bullfrog skeleton (D:3)
  Jessica (D:2)
  A worker ant (D:4)
  A hound skeleton (D:3)
  8 mummies (Ossuary)
  A gnoll (D:1)
  5 adders
  3 worms
  4 dart slugs
  3 leopard geckos
  6 orcs
  9 bats
  3 giant cockroaches
  5 goblins
  3 hobgoblins
  4 jackals (D:2)
  2 quokkas
  2 frilled lizards (D:1)
  3 hobgoblin zombies (Ossuary)
  8 kobolds
  3 kobold zombies (Ossuary)
  2 orc zombies (Ossuary)
  A quokka skeleton (D:3)
  6 rats
87 creatures vanquished.

Notes
Turn   | Place    | Note
-------+----------+-------------------------------------------
     0 | D:1      | Glamhuggeren the Demonspawn Fighter began the quest for the
                  | Orb.
     0 | D:1      | Reached XP level 1. HP: 18/18 MP: 1/1
   117 | D:1      | Reached skill level 2 in Long Blades
   171 | D:1      | Gained mutation: When hurt, damage is shared between your
                  | health and your magic reserves. [demonic ancestry]
   171 | D:1      | Reached XP level 2. HP: 22/24 MP: 2/2
   405 | D:1      | Reached XP level 3. HP: 17/29 MP: 1/3
   969 | D:2      | Reached XP level 4. HP: 29/35 MP: 4/4
  1041 | D:2      | Reached skill level 3 in Long Blades
  1052 | D:2      | You fall through a shaft!
  1195 | D:2      | Noticed Jessica
  1215 | D:2      | Killed Jessica
  1285 | D:2      | Found a bloodstained altar of Trog.
  1285 | D:2      | Found an ancient bone altar of Kikubaaqudgha.
  1390 | D:2      | Found a bloodstained altar of Trog.
  1620 | D:3      | Found a transporter.
  1620 | D:3      | Noticed sydd's ghost (amateur GnWr)
  1662 | D:3      | Found a transporter.
  1682 | D:3      | Gained mutation: You are slightly more attuned to the
                  | shadows. [demonic ancestry]
  1682 | D:3      | Reached XP level 5. HP: 29/42 MP: 5/5
  2517 | D:3      | Killed sydd's ghost
  2517 | D:3      | Reached skill level 4 in Long Blades
  2517 | D:3      | Gained mutation: You are significantly more attuned to the
                  | shadows. [demonic ancestry]
  2517 | D:3      | Reached XP level 6. HP: 16/48 MP: 2/6
  2920 | D:4      | Found Rutroke's Jewellery Shop.
  2928 | D:4      | Found a sand-covered staircase.
  2933 | Ossuary  | Entered an ossuary
  3668 | Ossuary  | Reached skill level 5 in Long Blades
  3809 | D:4      | Noticed Edmund
  3824 | D:4      | HP: 1/48 [Edmund/+1 dire flail of venom (3)]
  3824 | D:4      | Slain by an orc

Skill      XL: |  1  2  3  4  5  6 |
---------------+-------------------+-----
Long Blades    | 2 3 4 5 |  5.3
Shields        | 3 |  3.0
Armour         | 3 4 |  4.0
Fighting       | 4 |  4.0

Action                   |  1- 3 |  4- 6 || total
-------------------------+-------+-------++-------
Melee: Long sword        |    93 |   221 ||   314
  Use: Potion            |       |     5 ||     5
       Scroll            |       |     5 ||     5
 Stab: Sleeping          |       |     3 ||     3
  Eat: Chunk             |       |     7 ||     7
       Ration            |       |     1 ||     1
Armor: Scale mail        |    38 |    51 ||    89
       Ring mail         |       |    39 ||    39
Dodge: Dodged            |    29 |    78 ||   107
Block: Shield            |    38 |   121 ||   159
       Rpst.: Long sword |     9 |    24 ||    33
